 Dungeon Crawl Stone Soup version 0.30-a0-782-ge64f9170bb (webtiles) character file.

Game seed: 2260690506519342584

91 Crownlay the Digger (level 4, -3/24 HPs)
             Began as a Gargoyle Earth Elementalist on Feb 28, 2023.
             Killed from afar by an orc wizard (6 damage)
             ... with a magic dart
             ... on level 2 of the Dungeon.
             The game lasted 00:01:59 (1188 turns).

Crownlay the Digger (Gargoyle Earth Elementalist)   Turns: 1188, Time: 00:02:00

Health: -3/24      AC:  5    Str: 11    XL:     4   Next: 57%
Magic:  2/9        EV: 11    Int: 18    God:
Gold:   17         SH:  0    Dex: 10    Spells: 9/10 levels left

rFire   . . .      SeeInvis .    (no weapon)
rCold   . . .      Faith    .    (no shield)
rNeg    + . .      Spirit   .    a - +0 robe
rPois   ∞          Reflect  .    (no helmet)
rElec   +          Harm     .    (no cloak)
rCorr   .          Rampage  .    (no gloves)
Will    .....                    (no boots)
Stlth   ++                       (no amulet)
HPRegen 0.24/turn                (no ring)
MPRegen 0.11/turn                (no ring)

@: no status effects
A: sickness immunity, AC +3, negative energy resistance 1, electricity
resistance, torment resistance 1, petrification resistance
a: no special abilities


You were on level 2 of the Dungeon.
You visited 1 branch of the dungeon, and saw 2 of its levels.

You collected 17 gold pieces.

Inventory:

Armour
 a - a +0 robe (worn)
Scrolls
 c - a scroll of torment {unknown}
 d - 2 scrolls of identify {unknown}
 e - a scroll of noise {unknown}
Potions
 b - a potion of magic
 f - 3 potions of curing {unknown}
 g - a potion of resistance {unknown}
 h - a potion of invisibility {unknown}


   Skills:
 - Level 1.5 Dodging
 - Level 2.1 Stealth
 * Level 3.7 Spellcasting
 - Level 0.7 Transmutations
 + Level 4.6 Earth Magic


You had 9 spell levels left.
You knew the following spells:

 Your Spells              Type           Power      Damage    Failure   Level
a - Sandblast             Erth           40%        2d10      2%          1

Your spell library contained the following spells:

 Spells                   Type           Power      Damage    Failure   Level
 Passwall                 Tmut/Erth      10%        N/A       8%          2
 Freeze                   Ice            12%        1d3       16%         1
 Shock                    Conj/Air       12%        1d3       16%         1
 Stone Arrow              Conj/Erth      22%        3d8       17%         3
 Static Discharge         Conj/Air       6%         2-3/arc   22%         2
 Frozen Ramparts          Ice            6%         1d1       41%         3
 Hailstorm                Conj/Ice       3%         3d3       41%         3
 Petrify                  Tmut/Erth      12%        N/A       45%         4
 Airstrike                Air            1%         2d(1-17)  83%         4
 Borgnjor's Vile Clutch   Necr/Erth      5%         N/A       85%         5


Dungeon Overview and Level Annotations

Branches:
Dungeon (2/15)

Altars:

Shops:
D:1 :


Innate Abilities, Weirdness & Mutations

You are immune to sickness and miasma.
Your stone body is resilient. (AC +3)
You are immune to poison.
You resist negative energy. (rN+)
You are resistant to electric shocks. (rElec)
You are resistant to unholy torment.
You are immune to petrification.


Message History

a +0 hand axe; a +0 war axe; an orc corpse The blast of sand hits the orc wizard!
You kill the orc wizard!
Something hits you.
You hear some strange, mumbled words.
You are confused.
You're too confused to cast spells.
You're too confused to cast spells.
Unknown command.
You're too confused to cast spells.
Sorry, you're not good enough to have a special ability.
You bump into the rock wall.
You hear some strange, mumbled words.
Something tries to affect you, but you resist.
You bump into the rock wall.
Something hits you.
You bump into the rock wall.
Something hits you. Something hits you.
You bump into the rock wall.
Something hits you but does no damage.
You bump into the rock wall.
Something hits you.
You miss something.
You feel less confused.
You hear some strange, mumbled words.
A magic dart appears from out of thin air!
The magic dart hits you!
* * * LOW HITPOINT WARNING * * *
Casting: Sandblast (safe; 2% risk of failure)
Confirm with . or Enter, or press ? or * to list all spells.
Aiming: Sandblast (safe; 2% risk of failure)
Press: ? - help, Shift-Dir - straight line The blast of sand hits something.
Something hits you.
* * * LOW HITPOINT WARNING * * *
Casting: Sandblast (safe; 2% risk of failure)
Confirm with . or Enter, or press ? or * to list all spells.
Aiming: Sandblast (safe; 2% risk of failure)
Press: ? - help, Shift-Dir - straight line The blast of sand hits something but does no damage.
You hear some strange, mumbled words.
A magic dart appears from out of thin air!
The magic dart hits you.
You die...

....#
#.#..#.####.#
....+
#.#..#.####.##
....#
#.#..........#
....#
#.#.##.#######
....#
#)#....########
#####
#.###..........
#.# #.#######.#
#{# #.# #@# #.#
#.#####.###.#
#.........#.#
#######.....#
.........###
#######..#
....# ###.##
#..


There were no monsters in sight!

Vanquished Creatures
  An orc priest (D:2)
  An orc wizard (D:2)
  2 dart slugs (D:1)
  An orc (D:2)
  4 ball pythons
  An endoplasm (D:1)
  3 goblins (D:1)
  5 hobgoblins
  3 jackals (D:2)
  3 kobolds (D:1)
  2 quokkas (D:1)
  3 bats
29 creatures vanquished.

Notes
Turn   | Place    | Note
-------+----------+-------------------------------------------
     0 | D:1      | Crownlay the Gargoyle Earth Elementalist began the quest
                  | for the Orb.
     0 | D:1      | Reached XP level 1. HP: 10/10 MP: 3/3
   171 | D:1      | Got Sif Muna's Grimoire of Overhead Topomancy
   181 | D:1      | Reached XP level 2. HP: 15/15 MP: 0/5
   306 | D:1      | Reached skill level 4 in Earth Magic
   574 | D:1      | Reached XP level 3. HP: 19/19 MP: 4/7
   679 | D:1      | Found Hiriaw's Book Emporium.
  1178 | D:2      | Reached XP level 4. HP: 24/24 MP: 3/9
  1188 | D:2      | Killed from afar by an orc wizard

Illustrated notes

Levels and vault maps discovered:
D:1:      saegor_arrival_simple_d, layout_basic, serial_shops,
          nicolae_shop_hallway_plus
D:2:      layout_basic, minmay_diced_spiral, uniq_terence

Skill      XL: |  1  2  3 |
---------------+----------+-----
Earth Magic    | 4 |  4.6
Spellcasting   | 3 |  3.7
Dodging        | |  1.5
Stealth        | |  2.1
Transmutations | |  0.7

Action                     |  1- 3 |  4- 6 || total
---------------------------+-------+-------++-------
  Melee: Unarmed           |     2 |     1 ||     3
   Cast: Sandblast         |    40 |     3 ||    43
 Armour: Robe              |     4 |     1 ||     5
  Dodge: Dodged            |    19 |       ||    19

Table legend: (Time is in decaauts)
 A = Elapsed time spent in this place.
 B = Non-inter-level travel time spent in this place.
 C = Inter-level travel time spent in this place.
 D = Time resting spent in this place.
 E = Time spent auto-exploring this place.
 F = Levels seen in this place.
 G = Mean time per level.
                   A        B        C        D        E       F      G
               +--------+--------+--------+--------+--------+-----+--------+
         Total |   1209 |   1201 |      8 |      0 |   1043 |   2 |  604.5 |
       Dungeon |   1209 |   1201 |      8 |      0 |   1043 |   2 |  604.5 |
               +--------+--------+--------+--------+--------+-----+--------+

Top non-repeatable levels by time:
     D:1: 957 daAuts
     D:2: 252 daAuts
